 Dungeon Crawl Stone Soup version 0.29-a0-824-gd827844252 (webtiles) character file.

Game seed: 6862523676673473411

73 NotreDorf the Grave Robber (level 4, -6/33 HPs)
             Began as a Mummy Necromancer on July 10, 2022.
             Mangled by a gnoll
             ... wielding a +0 halberd
              (12 damage)
             ... on level 3 of the Dungeon.
             The game lasted 00:07:49 (2355 turns).

NotreDorf the Grave Robber (Mummy Necromancer)      Turns: 2355, Time: 00:07:50

Health: -6/33      AC:  2    Str: 11    XL:     4   Next: 8%
Magic:  8/9        EV: 12    Int: 16    God:
Gold:   94         SH:  0    Dex: 12    Spells: 9/10 levels left

rFire   . . .      SeeInvis .   c - +2 mace (pain)
rCold   + . .      Faith    .   (no shield)
rNeg    + + +      Spirit   .   a - +0 robe
rPois   ∞          Reflect  .   (no helmet)
rElec   .          Harm     .   (no cloak)
rCorr   .          Rampage  .   (no gloves)
Will    .....                   (no boots)
Stlth   ++........              (no amulet)
HPRegen 0.11/turn               e - ring of protection from fire
MPRegen 0.11/turn               (no ring)

@: no status effects
A: cold resistance 1, negative energy resistance 3, torment resistance 2, heat
vulnerability 1, in touch with death 1, no potions
a: no special abilities


You were on level 3 of the Dungeon.
You visited 1 branch of the dungeon, and saw 3 of its levels.

You collected 94 gold pieces.

Inventory:

Hand Weapons
 c - a +2 mace of pain (weapon)
Armour
 a - a +0 robe (worn)
Magical Staves
 l - a staff of fire
Jewellery
 e - a ring of protection from fire (left hand)
Scrolls
 b - a scroll of fear {unknown}
 d - 3 scrolls of noise {unknown}
 f - 4 scrolls of teleportation
 g - a scroll of fog {unknown}
 h - 2 scrolls of identify
 i - a scroll of blinking {unknown}
 j - 3 scrolls of vulnerability {unknown}
 k - a scroll of enchant weapon {unknown}


   Skills:
 + Level 1.8 Fighting
 - Level 1.5 Dodging
 - Level 1.5 Stealth
 + Level 3.8 Spellcasting
 + Level 4.6 Necromancy


You had 9 spell levels left.
You knew the following spells:

 Your Spells              Type           Power      Damage    Failure   Level
a - Necrotise             Necr           100%       1d9       2%          1

Your spell library contained the following spells:

 Spells                   Type           Power      Damage    Failure   Level
 Vampiric Draining        Necr           27%        2d7       8%          3
 Static Discharge         Conj/Air       3%         3-4/arc   26%         2
 Animate Dead             Necr           27%        N/A       26%         4
 Portal Projectile        Hex/Tloc       6%         N/A       45%         3
 Tukima's Dance           Hex            3%         N/A       45%         3
 Agony                    Necr           27%        N/A       56%         5
 Lightning Bolt           Conj/Air       1%         1d12      99%         5
 Maxwell's Capacitive Co  Air            1%         ∞         100%        8
 Blade Hands              Tmut           Unusable   N/A       N/A         5

Dungeon Overview and Level Annotations

Branches:
Dungeon (3/15)

Altars:

Shops:
D:2 =

Annotations:
D:2 1 runed translucent door, Crazy Yiuf


Innate Abilities, Weirdness & Mutations

You are immune to poison.
Your flesh is cold resistant. (rC+)
You are immune to negative energy. (rN+++)
You are immune to unholy pain and torment.
You are vulnerable to heat. (rF-)
You are in touch with the powers of death.
You do not drink.


Message History

Your quokka skeleton barely misses the hound.
The gnoll barely misses you. x2
You miss the hound.
The hound is heavily wounded.
The hound completely misses you.
Your quokka skeleton misses the hound.
The hound closely misses you. The gnoll closely misses you.
The gnoll barely misses you.
You barely miss the hound.
The hound is heavily wounded.
The hound bites you.
Your quokka skeleton barely misses the hound.
The gnoll barely misses you. The gnoll closely misses you. The hound bites you.
Your quokka skeleton closely misses the hound.
You closely miss the hound.
The hound is heavily wounded.
The hound misses you. The gnoll barely misses you.
The rat twitches its whiskers.
A gnoll comes into view. It is wielding a +0 spear.
The hobgoblin hits you but does no damage.
The gnoll closely misses you. The hound closely misses you.
Your quokka skeleton closely misses the hound.
The gnoll closely misses you. The hobgoblin closely misses you.
The gnoll hits you with a +0 whip.
You hit the hound.
The hound writhes in agony.
The hound is severely wounded.
The hound barely misses you.
Your quokka skeleton bites the hound.
The hound closely misses you. The gnoll hits you with a +0 whip.
* * * LOW HITPOINT WARNING * * *
The rat bites you.
* * * LOW HITPOINT WARNING * * *
The hobgoblin completely misses you. The gnoll misses you.
Your quokka skeleton bites the hound but does no damage.
As you read the scroll labelled NEDEUS LONWA, it crumbles to dust.
It is a scroll of identify.
f - 4 scrolls of teleportation The hound bites your quokka skeleton.
The gnoll misses you. The rat barely misses you. The gnoll closely misses you.
The hobgoblin closely misses you.
The gnoll hits you from afar with a +0 halberd!
You die...

.# ### #### ##. #.......
... ###.#... #.. ..... #
#
###.#########.####'#....
.##.#.........Zh@r.....#
.##.#.####..#.##gg.....#
)##'#.####..#.##.gg....#
........##..#..........#
........##..######r...##
........##... ....#
........##.### ....#
........##.# ..###
........##.#


You could see a hound (distracted, ally target), 3 gnolls, a hobgoblin, 2 rats
and a friendly quokka skeleton.

Vanquished Creatures
  2 adders (D:2)
  4 ball pythons
  3 endoplasms
  3 giant cockroaches
  2 goblins (D:1)
  3 hobgoblins (D:2)
  12 jackals
  3 quokkas
  7 bats
  A frilled lizard (D:1)
  3 kobolds
  5 rats
48 creatures vanquished.

Vanquished Creatures (collateral kills)
  A frilled lizard (D:2)
  2 kobolds
3 creatures vanquished.

Grand Total: 51 creatures vanquished

Notes
Turn   | Place    | Note
-------+----------+-------------------------------------------
     0 | D:1      | NotreDorf the Mummy Necromancer began the quest for the
                  | Orb.
     0 | D:1      | Reached XP level 1. HP: 13/13 MP: 4/4
   182 | D:1      | Found a faded altar of an unknown god.
   319 | D:1      | Reached XP level 2. HP: 20/20 MP: 0/6
   665 | D:1      | Reached skill level 1 in Fighting
  1175 | D:2      | Gained mutation: You are in touch with the powers of death.
                  | [Mummy growth]
  1175 | D:2      | Reached XP level 3. HP: 24/26 MP: 1/7
  1780 | D:2      | Found Kesoac's Jewellery Boutique.
  2175 | D:2      | Found a runed translucent door.
  2176 | D:2      | Noticed Crazy Yiuf
  2241 | D:3      | Reached XP level 4. HP: 33/33 MP: 6/9
  2355 | D:3      | Mangled by a gnoll

Illustrated notes

Levels and vault maps discovered:
D:1:      spicycebolla_arrival_xxxplode, layout_loops_ring,
          shapermc_ecumenical_altar_mp_highgroup, hangedman_decor_opposing
D:2:      layout_basic, serial_shops, shop_statue, uniq_crazy_yiuf_cottage
D:3:      layout_basic, uniq_natasha, uniq_ijyb

Skill      XL: |  1  2 |
---------------+-------+-----
Spellcasting   | 3 |  3.8
Fighting       | 1 |  1.8
Dodging        | |  1.5
Stealth        | |  1.5
Necromancy     | |  4.6

Action                   |  1- 3 |  4- 6 || total
-------------------------+-------+-------++-------
Melee: Mace              |    45 |     9 ||    54
       Punch             |     1 |       ||     1
 Cast: Necrotise         |    51 |     5 ||    56
  Use: Scroll            |       |     1 ||     1
Armor: Robe              |     9 |     3 ||    12
Dodge: Dodged            |    42 |    28 ||    70

Table legend: (Time is in decaauts)
 A = Elapsed time spent in this place.
 B = Non-inter-level travel time spent in this place.
 C = Inter-level travel time spent in this place.
 D = Time resting spent in this place.
 E = Time spent auto-exploring this place.
 F = Levels seen in this place.
 G = Mean time per level.
                   A        B        C        D        E       F      G
               +--------+--------+--------+--------+--------+-----+--------+
         Total |   2375 |   2326 |     49 |      0 |   1920 |   3 |  791.7 |
       Dungeon |   2375 |   2326 |     49 |      0 |   1920 |   3 |  791.7 |
               +--------+--------+--------+--------+--------+-----+--------+

Top non-repeatable levels by time:
     D:1: 1146 daAuts
     D:2: 1079 daAuts
     D:3: 149 daAuts
